 Dungeon Crawl Stone Soup version 0.18-a0-1413-g4eaa9ac (console) character file.

420 Liam the Magician (level 6, -3/32 HPs)
             Began as a Deep Elf Conjurer on Feb 25, 2016.
             Slain by a river rat (9 damage)
             ... in a sewer.
             The game lasted 00:05:39 (3818 turns).

Liam the Magician (Deep Elf Conjurer)               Turns: 3818, Time: 00:05:39

Health: -3/32      AC:  3    Str:  5    XL:     6   Next: 62%
Magic:  1/18       EV: 13    Int: 22    God:
Gold:   253        SH:  0    Dex: 15    Spells: 2 memorised, 14 levels left

rFire  . . .     SeeInvis .     (no weapon)
rCold  . . .     Gourm    .     a - +0 robe
rNeg   . . .     Faith    .     (no shield)
rPois  .         Spirit   .     (no helmet)
rElec  .         Dismiss  .     w - +0 cloak
rCorr  .         Reflect  .     (no gloves)
SustAt .         Harm     .     (no boots)
MR     .....                    (no amulet)
Stlth  +.........               (no ring)
                                (no ring)

@: not resistant to hostile enchantments, very unstealthy
A: no striking features
a: no special abilities


You were in a sewer.
You were hungry.

You visited 1 branch of the dungeon, and saw 4 of its levels.
You also visited: Sewer.

You collected 253 gold pieces.

Inventory:

Armour
 a - a +0 robe (worn)
 w - a +0 cloak (worn)
Jewellery
 f - an uncursed ring of fire {unknown}
 v - a +2 ring of evasion {unknown}
Scrolls
 d - 5 scrolls of teleportation {unknown}
 j - a scroll of magic mapping {unknown}
 k - 3 scrolls of identify {unknown}
 o - a scroll of recharging {unknown}
 s - 2 scrolls of enchant weapon {unknown}
 t - a scroll of blinking {unknown}
 u - 2 scrolls of fog {unknown}
 y - a scroll of remove curse {unknown}
Potions
 e - a potion of brilliance {unknown}
 g - 5 potions of curing {unknown}
 h - a potion of ambrosia {unknown}
 l - 2 potions of mutation {unknown}
 m - 2 potions of beneficial mutation {unknown}
 n - 2 potions of agility {unknown}
 p - a potion of cancellation {unknown}
 q - 2 potions of heal wounds {unknown}
 r - a potion of degeneration {unknown}
Books
 b - a book of Conjurations

   Spells                             Type                      Level
   a - Magic Dart                     Conjuration                  1
   b - Searing Ray                    Conjuration                  2
   c - Dazzling Spray                 Conjuration/Hexes            3
   d - Fulminant Prism                Conjuration/Hexes            4
   e - Iskenderun's Mystic Blast      Conjuration                  4
   f - Iskenderun's Battlesphere      Conjuration/Charms           5
Comestibles
 c - 2 bread rations
 i - 3 meat rations
 x - a beef jerky
 z - 2 fruits


   Skills:
 - Level 2.4 Dodging
 - Level 2.4 Stealth
 + Level 7.1 Spellcasting
 + Level 6.9 Conjurations


You had 14 spell levels left.
You knew the following spells:

 Your Spells              Type           Power        Failure   Level  Hunger
a - Magic Dart            Conj           ####         1%          1    None
x - Iskenderun's Mystic   Conj           #####...     6%          4    ###....


Dungeon Overview and Level Annotations

Branches:
Dungeon (4/15)
 Temple: D:4-7

Altars:
Elyvilon
The Shining One

Shops:
D:4 (


Message History

Casting: Magic Dart
Confirm with . or Enter, or press ? or * to list all spells.
Aiming: Magic Dart
Press: ? - help, Shift-Dir - straight line, f/p - river rat
Aim: a river rat The magic dart hits the river rat.
The river rat is lightly wounded.
The river rat bites you!
* * * LOW HITPOINT WARNING * * *
The rat barely misses you.
Casting: Magic Dart
Confirm with . or Enter, or press ? or * to list all spells.
Aiming: Magic Dart
Press: ? - help, Shift-Dir - straight line, f/p - river rat
Aim: a river rat (lightly wounded)
The magic dart hits the river rat.
The river rat is moderately wounded.
The river rat misses you. The rat misses you. The river rat bites you!
You die...

..†######...##..#####......###..#
.....#####.......##..............
.......##........................
.(..........................(....
†≈........................≈≈≈≈..≈
≈≈..≈≈...≈≈≈≈...........≈.≈≈≈≈≈≈≈
≈≈≈≈≈≈≈≈≈≈≈≈≈......≈≈.≈≈≈≈≈≈≈≈≈≈≈
≈≈≈≈≈≈≈≈≈≈≈≈≈..≈≈.≈.≈≈≈≈≈≈≈≈≈≈≈≈≈
≈≈≈≈≈≈≈≈≈≈≈≈≈≈≈≈@≈≈≈≈≈≈≈≈≈≈≈≈≈≈≈≈
≈≈≈≈≈≈≈≈≈≈≈≈≈≈≈≈r†≈≈≈≈≈≈≈≈≈≈≈≈≈≈≈
≈≈≈≈≈≈≈≈≈≈≈≈≈≈≈≈r≈≈≈≈≈≈≈≈≈≈≈≈≈≈≈≈
≈≈≈≈##≈...≈≈.........≈≈≈≈..≈≈≈≈≈≈
....†.........##......##≈
..##....†...## #...... ..
##.......# ......... ....####...


You could see a river rat and a rat.

Vanquished Creatures
  A scorpion (D:4)
  A howler monkey (D:4)
  An orc priest (D:4)
  Crazy Yiuf (D:3)
  An iguana (D:4)
  A worker ant (D:4)
  A hound skeleton (D:3)
  7 adders
  4 river rats
  An ooze (D:2)
  3 worms
  2 dart slugs
  4 giant geckos
  5 orcs
  3 giant cockroaches
  8 goblins
  6 hobgoblins
  3 jackals (D:1)
  2 quokkas (D:3)
  4 ball pythons
  6 bats
  3 giant newts
  15 kobolds
  19 rats
102 creatures vanquished.

Notes
Turn   | Place    | Note
--------------------------------------------------------------
     0 | D:1      | Liam the Deep Elf Conjurer began the quest for the Orb.
     0 | D:1      | Reached XP level 1. HP: 10/10 MP: 6/6
   404 | D:1      | Reached XP level 2. HP: 15/15 MP: 5/8
   569 | D:1      | Reached skill level 4 in Spellcasting
   870 | D:1      | Reached XP level 3. HP: 19/19 MP: 7/10
  1203 | D:2      | Found a glowing golden altar of the Shining One.
  1206 | D:2      | Reached skill level 5 in Conjurations
  1322 | D:2      | Found a white marble altar of Elyvilon.
  1736 | D:2      | Reached XP level 4. HP: 24/24 MP: 7/12
  1827 | D:2      | Learned a level 4 spell: Iskenderun's Mystic Blast
  1953 | D:3      | Reached skill level 5 in Spellcasting
  2385 | D:3      | Noticed Crazy Yiuf
  2399 | D:3      | Killed Crazy Yiuf
  2399 | D:3      | Reached XP level 5. HP: 17/28 MP: 5/15
  2846 | D:4      | Reached skill level 6 in Spellcasting
  3053 | D:4      | Reached XP level 6. HP: 12/32 MP: 9/17
  3126 | D:4      | Found Neulooc's Weapon Emporium.
  3278 | D:4      | Found a glowing drain.
  3312 | Sewer    | Entered a sewer
  3472 | Sewer    | Reached skill level 7 in Spellcasting
  3818 | Sewer    | Slain by a river rat

Vault maps used:
D:1:      minmay_arrival_nine_rooms
D:2:      lemuel_round_altar, elyvilon_altar_3, first_bread
D:3:      uniq_crazy_yiuf_cottage
D:4:      portal_sewer_entry_e, serial_shops, shop
Sewer:    sewer_minmay_treatment

Skill      XL: |  1  2  3  4  5  6 |
---------------+-------------------+-----
Spellcasting   | 4 5 6 7 |  7.1
Conjurations   | 5 6 |  6.9
Dodging        | |  2.4
Stealth        | |  2.4

Action                   |  1- 3 |  4- 6 || total
-------------------------+-------+-------++-------
Melee: Unarmed           |     1 |     1 ||     2
 Cast: Magic Dart        |    80 |   181 ||   261
  Eat: Chunk             |     1 |     7 ||     8
